Construct Infanterie Kompanie
Construct Panzergrenadier Kompanie
Selects Luftwaffe Battlegroup
Selects Luftwaffe Pioneer Support
Selects LG40 Recoilless Gun Paradrop
Pak 40 Anti-tank Gun Team
Panzergrenadier Officer Quarters
Selects Infantry Reserves
Construct Panzer Kompanie
Selects Stuka Strafing Run
Selects Fallschirmjäger Squad Paradrop
Pak 40 Anti-tank Gun Team
Pak 40 Anti-tank Gun Team
Fallschirmjäger Squad Paradrop
Fallschirmjäger Squad Paradrop